 Dungeon Crawl Stone Soup version 0.30-a0-782-ge64f9170bb (webtiles) character file.

Game seed: 15196869900106929243

5512 Ezra the Frost Mage (level 11, -20/60 HPs)
             Began as a Human Ice Elementalist on Feb 18, 2023.
             Was a Believer of Vehumet.
             Demolished by a large abomination (23 damage)
             ... on level 1 of the Abyss.
             The game lasted 00:25:03 (12578 turns).

Ezra the Frost Mage (Human Ice Elementalist)       Turns: 12578, Time: 00:25:04

Health: -20/60     AC:  8    Str:  5      XL:     11   Next: 1%
Magic:  17/17      EV: 13    Int: 20 (21) God:    Vehumet [**....]
Gold:   2892       SH:  3    Dex: 14      Spells: 8/18 levels left

rFire   . . .      SeeInvis .    c - +2 whip (elec)
rCold   x x .      Faith    .    T - +0 buckler
rNeg    . . .      Spirit   .    E - +0 troll leather armour
rPois   .          Reflect  .    (no helmet)
rElec   .          Harm     .    Q - +0 cloak
rCorr   .          Rampage  .    S - +0 pair of gloves
Will    .....                    (no boots)
Stlth   ++                       (no amulet)
HPRegen 1.10/turn                D - +4 ring of protection
MPRegen 0.15/turn                o - +6 ring of intelligence

@: silenced, weak-willed, unable to read
A: [deformed body], [dopey 2], [frail 2], [screaming 2], [weak 2], [cold
vulnerability 2], [inability to read after injury 2]
a: Renounce Religion


You were on level 1 of the Abyss.
You worshipped Vehumet.
Vehumet was pleased with you.
You visited 1 branch of the dungeon, and saw 10 of its levels.
You visited the Abyss 1 time.
You also visited: Sewer and Bailey.

You collected 2892 gold pieces.

Inventory:

Hand Weapons
 a - a +1 dagger of venom
 c - a +2 whip of electrocution (weapon)
Missiles
 g - 27 poisoned darts
 N - 2 curare-tipped darts
Armour
 E - a +0 troll leather armour (worn)
 G - a scarf of harm
 Q - a +0 cloak (worn)
 S - a +0 pair of gloves (worn)
 T - a +0 buckler (worn)
Magical Staves
 b - a staff of cold
 p - a staff of air
Jewellery
 f - a ring of wizardry
 o - a +6 ring of intelligence (right hand)
 q - an amulet of guardian spirit
 D - a +4 ring of protection (left hand)
 O - a ring of willpower
 P - an amulet of the acrobat
 U - a ring of resist corrosion
Wands
 r - a wand of digging (7)
 H - a wand of flame (18)
 L - a wand of roots (2)
Scrolls
 e - 3 scrolls of immolation
 i - 2 scrolls of torment
 j - 6 scrolls of blinking {unknown}
 l - 3 scrolls of amnesia {unknown}
 n - a scroll of vulnerability
 t - a scroll of brand weapon
 v - 4 scrolls of enchant armour
 A - a scroll of fear
 M - 2 scrolls of poison
 V - a scroll of enchant weapon
Potions
 d - 3 potions of flight
 u - 3 potions of magic
 w - 2 potions of mutation
 x - 3 potions of heal wounds
 y - 5 potions of curing
 z - 2 potions of attraction
 B - 2 potions of brilliance
 C - 3 potions of might
 J - a potion of ambrosia
 R - a potion of invisibility


   Skills:
 - Level 3.0 Fighting
 - Level 6.0 Dodging
 - Level 5.0 Stealth
 + Level 4.1 Spellcasting
 + Level 4.1 Conjurations
 + Level 0.8 Translocations
 - Level 12.0 Ice Magic
 + Level 4.1 Air Magic


You had 8 spell levels left.
You knew the following spells:

 Your Spells              Type           Power      Damage    Failure   Level
a - Freeze                Ice            100%       1d10      1%          1
b - Frozen Ramparts       Ice            100%       1d16      1%          3
d - Ozocubu's Armour      Ice            51%        N/A       1%          3
e - Shock                 Conj/Air       80%        1d8       5%          1
k - Blink                 Tloc           14%        N/A       30%         2

Your spell library contained the following spells:

 Spells                   Type           Power      Damage    Failure   Level
 Magic Dart               Conj           80%        1d7       5%          1
 Foxfire                  Conj/Fire      48%        2x1d6     12%         1
 Ice Form                 Ice/Tmut       28%        N/A       24%         4
 Summon Ice Beast         Ice/Summ       28%        N/A       24%         4
 Beastly Appendage        Tmut           8%         N/A       28%         1
 Vhi's Electric Charge    Tloc/Air       28%        N/A       30%         3
 Stone Arrow              Conj/Erth      24%        3d8       36%         3
 Scorch                   Fire           8%         2d5       41%         2
 Wereblood                Tmut           4%         N/A       41%         2
 Kindle Blastsparks       Fire/Tloc/Air  20%        2d11      41%         3
 Spider Form              Tmut/Pois      4%         N/A       65%         3
 Tukima's Dance           Hex            4%         N/A       65%         3
 Iskenderun's Mystic Bla  Conj/Tloc      14%        2d5       71%         4
 Flame Wave               Conj/Fire      12%        2d6       77%         4
 Fulminant Prism          Conj/Hex       6%         3d6       77%         4
 Arcjolt                  Conj/Air       10%        1d20      82%         5
 Manifold Assault         Tloc           7%         N/A       90%         4
 Passage of Golubria      Tloc           7%         N/A       90%         4
 Animate Armour           Summ/Erth      8%         N/A       96%         4
 Fireball                 Conj/Fire      6%         3d5       98%         5
 Lee's Rapid Deconstruct  Erth           2%         3d4*      100%        5
 Yara's Violent Unravell  Hex/Tmut       2%         3d3       100%        5
 Starburst                Conj/Fire      6%         6d4       100%        6
 Summon Cactus Giant      Summ           2%         N/A       100%        6
 Storm Form               Tmut/Air       6%         N/A       100%        7
 Borgnjor's Revivificati  Necr           2%         N/A       100%        8
 Lehudib's Crystal Spear  Conj/Erth      6%         10d3      100%        8
 Maxwell's Capacitive Co  Air            10%        ∞         100%        8
 Necromutation            Tmut/Necr      2%         N/A       100%        8
 Death's Door             Necr           2%         N/A       100%        9


Dungeon Overview and Level Annotations

Branches:
Dungeon (10/15)            Temple (0/1) D:6             Orc (0/2) D:9
  Sewer (visited)          Bailey (visited)
   Lair: D:8-11

Altars:
Fedhas
Hepliaklqana
Kikubaaqudgha
Nemelex Xobeh
Ru
Sif Muna
Vehumet
Xom
The Shining One

Annotations:
D:9 exclusion: oklob plant
D:10 Psyche


Innate Abilities, Weirdness & Mutations

[Armour fits poorly on your strangely shaped body.]
[You are very dopey. (Int -4)]
[You are very frail. (-20% HP)]
[You frequently scream uncontrollably at your foes.]
[You are very weak. (Str -4)]
[You are very vulnerable to cold. (rC--)]
[You sometimes lose the ability to read scrolls when taking damage.]


Message History

You lose the ability to read scrolls when taking damage more often.
The large abomination misses you.
The wretched star pulses with an eldritch light!
You feel frail. x2
Unknown command.
The wretched star pulses with an eldritch light!
You feel vulnerable to cold. x2; You feel stupid. x2
The wretched star pulses with an eldritch light!
You feel weaker. x2
The wretched star pulses with an eldritch light!
Your body twists and deforms.
Okay, then.
As you read the scroll labelled PEZUEMPIRHE, it crumbles to dust.
You feel momentarily disoriented.
It was a scroll of magic mapping.
As you read the scroll labelled JENAOKK YNKOA, it crumbles to dust.
You assume a fearsome visage.
The large abomination is unaffected.
The wretched star is unaffected.
It was a scroll of fear.
The wretched star pulses with an eldritch light!
You feel the urge to shout.
You feel a strong urge to scream. The large abomination hits you!
As you read the scroll labelled COTUSH LIMEF, it crumbles to dust.
Magic quickly surges around you.
It was a scroll of vulnerability.
A death drake comes into view.
You scream at the death drake!
The large abomination closely misses you.
The death drake hisses angrily.
As you read the scroll labelled FYTION NOXUO, it crumbles to dust.
The scroll dissolves into smoke.
It was a scroll of fog.
The large abomination hits you!!
As you read the scroll labelled INKEPT ERUH, it crumbles to dust.
A profound silence engulfs you.
It was a scroll of silence.
The large abomination hits you!!
You feel threatened and lose the ability to read scrolls!
* * * LOW HITPOINT WARNING * * *
You cannot read scrolls in your current state!
Unknown command.
You hit the large abomination.
The large abomination is lightly damaged.
The large abomination hits you!!
You die...

#####
#.##§#@#
##..*X##
.....##k##
.#. .#§.# #.
#....####
#.....#.#..#
..
#....k....
... #......
#.##...
###.#.#..#.#


You could see a death drake (unsilenced), a wretched star (unsilenced) and a
large abomination (weak-willed).

Vanquished Creatures
  Maurice (D:8)
  A troll (D:10)
  2 shadows (D:10)
  2 wyverns (D:9)
  Grum (D:10)
  Menkaure (D:7)
  3 acid dragons
  2 water moccasins
  2 sky beasts
  6 orc warriors
  2 ice beasts
  An ogre (D:6)
  A centaur (D:9)
  3 wolves (D:10)
  A phantom (D:6)
  3 kobold brigands
  3 bullfrogs
  A necrophage (D:7)
  2 scorpions
  10 wights
  2 howler monkeys (D:6)
  6 jellies
  3 hounds
  A gnoll bouda (D:4)
  5 orc priests
  2 iguanas (D:4)
  4 orc wizards
  8 gnolls (D:4)
  5 river rats
  9 adders
  A white imp (D:7)
  4 ufetubi
  2 worms
  2 dart slugs (D:1)
  37 orcs
  23 ball pythons
  8 endoplasms
  6 giant cockroaches
  8 goblins
  5 hobgoblins
  4 jackals
  27 kobolds
  3 quokkas
  5 bats
  4 frilled lizards
  32 rats
264 creatures vanquished.

Vanquished Creatures (others)
  3 starspawn tentacles (Abyss:1)
3 creatures vanquished.

Grand Total: 267 creatures vanquished

Notes
Turn   | Place    | Note
-------+----------+-------------------------------------------
     0 | D:1      | Ezra the Human Ice Elementalist began the quest for the
                  | Orb.
     0 | D:1      | Reached XP level 1. HP: 13/13 MP: 3/3
    75 | D:1      | Reached XP level 2. HP: 19/19 MP: 1/5
   440 | D:1      | Reached XP level 3. HP: 24/24 MP: 0/6
   539 | D:1      | Reached skill level 5 in Ice Magic
  1364 | D:2      | Reached XP level 4. HP: 29/30 MP: 2/7
  1368 | D:2      | Learned a level 3 spell: Frozen Ramparts
  1594 | D:2      | Found a faded altar of an unknown god.
  2237 | D:3      | Reached skill level 6 in Ice Magic
  2237 | D:3      | Reached XP level 5. HP: 34/35 MP: 0/8
  2327 | D:3      | Found a glowing drain.
  2331 | Sewer    | Entered a sewer
  2894 | Sewer    | Reached XP level 6. HP: 38/41 MP: 4/9
  2957 | Sewer    | Reached skill level 7 in Ice Magic
  2957 | Sewer    | Reached skill level 1 in Fighting
  3406 | D:3      | Reached XP level 7. HP: 48/52 MP: 2/10
  4323 | D:4      | Reached skill level 5 in Dodging
  4621 | D:4      | Found a sacrificial altar of Ru.
  4659 | D:4      | Found a shimmering blue altar of Sif Muna.
  4848 | D:5      | Entered Level 5 of the Dungeon
  4919 | D:5      | Reached XP level 8. HP: 58/58 MP: 5/11
  5654 | D:5      | Learned a level 3 spell: Ozocubu's Armour
  6091 | D:6      | Found a radiant altar of Vehumet.
  6106 | D:6      | Became a worshipper of Vehumet
  6120 | D:6      | Reached skill level 5 in Stealth
  6355 | D:6      | Reached XP level 9. HP: 63/63 MP: 2/14
  6525 | D:6      | Found a staircase to the Ecumenical Temple.
  7262 | D:7      | Found a sparkling altar of Nemelex Xobeh.
  7274 | D:7      | Reached skill level 8 in Ice Magic
  7465 | D:7      | Noticed Menkaure
  7474 | D:7      | Killed Menkaure
  7581 | D:7      | Found a shimmering altar of Xom.
  7618 | D:7      | Reached skill level 9 in Ice Magic
  8293 | D:8      | Reached * piety under Vehumet
  8293 | D:8      | Offered knowledge of Shock by Vehumet.
  8352 | D:8      | Found a hazy altar of Hepliaklqana.
  8516 | D:8      | Noticed Maurice
  8522 | D:8      | Reached skill level 10 in Ice Magic
  8543 | D:8      | Killed Maurice
  8544 | D:8      | Reached XP level 10. HP: 65/70 MP: 5/16
  8893 | D:8      | Found a glowing golden altar of the Shining One.
  8984 | D:8      | Found an ancient bone altar of Kikubaaqudgha.
  9324 | D:9      | Reached skill level 11 in Ice Magic
 10193 | D:9      | Learned a level 1 spell: Shock
 10276 | D:9      | Found a staircase to the Orcish Mines.
 10335 | D:9      | Found a blossoming altar of Fedhas.
 10348 | D:9      | Noticed an oklob plant
 10455 | D:9      | Learned a level 2 spell: Blink
 10472 | D:10     | Entered Level 10 of the Dungeon
 10472 | D:10     | Found a flagged portal.
 10530 | D:10     | Noticed Grum
 10604 | D:10     | Identified a scroll of acquirement
 10607 | D:10     | Acquired 1286 gold pieces
 10628 | D:10     | Reached skill level 12 in Ice Magic
 10649 | D:10     | Reached skill level 1 in Conjurations
 10649 | D:10     | Reached skill level 1 in Air Magic
 10683 | D:10     | Killed Grum
 10700 | Bailey   | Entered a bailey
 10794 | Bailey   | Noticed an orc warlord
 10833 | Bailey   | Offered knowledge of Magic Dart by Vehumet.
 10855 | Bailey   | Reached ** piety under Vehumet
 10990 | Bailey   | Found a runed translucent gate.
 10993 | Bailey   | Found a runed translucent gate.
 10995 | Bailey   | Found a runed translucent gate.
 11259 | Bailey   | Acquired a staff of air
 11260 | Bailey   | Acquired 884 gold pieces
 11317 | Bailey   | Identified the +6 scale mail "Udafol" {Rampage rPois rF++
                  | MP-9}
 11323 | Bailey   | Acquired a book of Blasting
 12131 | D:10     | Reached XP level 11. HP: 60/75 MP: 12/17
 12196 | D:10     | Noticed Psyche
 12199 | Abyss:1  | Cast into level 1 of the Abyss (Psyche)
 12203 | Abyss:1  | Found a corrupted altar of Lugonu.
 12272 | Abyss:1  | Found a corrupted altar of Lugonu.
 12324 | Abyss:1  | Noticed a worldbinder
 12329 | Abyss:1  | Noticed a merfolk aquamancer
 12329 | Abyss:1  | Noticed a manticore
 12372 | Abyss:1  | Noticed a thrashing horror
 12379 | Abyss:1  | Noticed a sixfirhy
 12422 | Abyss:1  | Noticed a tentacled starspawn
 12490 | Abyss:1  | Found a corrupted altar of Lugonu.
 12555 | Abyss:1  | Noticed a wretched star
 12575 | Abyss:1  | Noticed a death drake
 12577 | Abyss:1  | HP: 1/60 [large abomination (25)]
 12578 | Abyss:1  | Demolished by a large abomination

Illustrated notes

Levels and vault maps discovered:
D:1:      nzn_arrival_crosshair, layout_rooms, st_stairs_12
D:2:      layout_loops_cross, chequers_ecumenical_altar_twisty,
          kennysheep_generic_room_7
D:3:      layout_basic, gup_sewer_entry_spiral
D:4:      cheibrodos_pilgrimage, layout_loops_ring,
          nicolae_ru_the_path_less_chosen, lemuel_round_altar
D:5:      layout_loops_cross, nrook_uturn
D:6:      layout_rooms, nicolae_vehumet_radiance,
          minmay_temple_entry_sparse_star
D:7:      layout_loops_ring, xom_butterflies, kennysheep_mini_moat,
          roderic_roman_lattice, minivault_22, uniq_menkaure
D:8:      layout_basic, mainiacjoe_overflow_catwalk, mainiacjoe_overflow_swirl,
          abandoned_shop, serial_park_tiny_pond, uniq_maurice
D:9:      layout_basic, tgw_fedhas, orc_0_dummy
D:10:     layout_irregular_city, enter_bailey_2, hangedman_decor_growths,
          minmay_misc_feat_room, uniq_grum, uniq_psyche
Abyss:1:  base: D:3, gammafunk_corrupted_shrine, serial_sigils_hangedman_quiver,
          evilmike_abyss_exit_17

Skill      XL: |  1  2  3  4  5  6  7  8  9 10 |
---------------+-------------------------------+-----
Ice Magic      | 5 6 7 10 12 | 12.0
Fighting       | 3 |  3.0
Dodging        | 5 6 |  6.0
Stealth        | 5 |  5.0
Spellcasting   | 3 4 |  4.1
Conjurations   | 4 |  4.1
Air Magic      | 4 |  4.1
Translocations | |  0.8

Action                     |  1- 3 |  4- 6 |  7- 9 | 10-12 || total
---------------------------+-------+-------+-------+-------++-------
  Melee: Dagger            |     2 |    14 |    12 |       ||    28
         Unarmed           |     1 |       |       |       ||     1
         Punch             |       |     1 |     2 |       ||     3
         Whip              |       |       |    63 |    69 ||   132
   Cast: Freeze            |    57 |    76 |    79 |    46 ||   258
         Frozen Ramparts   |       |     6 |    43 |    21 ||    70
         Ozocubu's Armour  |       |       |    12 |    10 ||    22
         Shock             |       |       |       |    22 ||    22
  Evoke: Wand              |       |       |       |     8 ||     8
    Use: Potion            |     1 |       |       |     9 ||    10
         Scroll            |       |       |       |    29 ||    29
   Stab: Paralysed         |       |       |       |     3 ||     3
         Sleeping          |       |       |       |     1 ||     1
 Armour: Robe              |    14 |     1 |       |       ||    15
         Leather armour    |       |    19 |    40 |    36 ||    95
         Troll leather arm |       |       |       |    11 ||    11
  Dodge: Dodged            |    29 |    51 |   113 |   100 ||   293
  Block: Buckler           |       |       |       |    22 ||    22

Table legend: (Time is in decaauts)
 A = Elapsed time spent in this place.
 B = Non-inter-level travel time spent in this place.
 C = Inter-level travel time spent in this place.
 D = Time resting spent in this place.
 E = Time spent auto-exploring this place.
 F = Levels seen in this place.
 G = Mean time per level.
                   A        B        C        D        E       F      G
               +--------+--------+--------+--------+--------+-----+--------+
         Total |  12632 |  12174 |    458 |    137 |   9430 |  13 |  971.7 |
       Dungeon |  10807 |  10349 |    458 |     37 |   8510 |  10 | 1080.7 |
         Abyss |    348 |    348 |      0 |      0 |      0 |   1 |  348.0 |
         Sewer |    743 |    743 |      0 |      0 |    502 |   1 |  743.0 |
        Bailey |    734 |    734 |      0 |    100 |    417 |   1 |  734.0 |
               +--------+--------+--------+--------+--------+-----+--------+

Top non-repeatable levels by time:
     D:3: 1286 daAuts
     D:7: 1285 daAuts
     D:9: 1239 daAuts
     D:8: 1155 daAuts
     D:5: 1135 daAuts
     D:4: 1067 daAuts
    D:10: 940 daAuts
     D:2: 935 daAuts
     D:1: 884 daAuts
     D:6: 876 daAuts
   Sewer: 743 daAuts
  Bailey: 734 daAuts
 Abyss:1: 348 daAuts
